Map: Eternal Empire LE

Players

Probe - Winner!

  • Race: Protoss Protoss
  • League: Master
  • Spawn Location: 7:00

Seither

  • Race: Terran Terran
  • Spawn Location: 1:00

Event: DreamHack SC2 Masters 2020 Fall

VOD

Have the link to the VOD?

Description

Time

  • Played on: Aug. 30, 2020, 6:31 a.m.
  • Length: 20:20

All games in this series

Show
View Real Time Build Order
Export as new Build Order

Probe Protoss - Winner!

Build Orders: 1 Gate Expand, Phoenix Opening, Colossus Rush 

Get SALT Encoding   

  12  0:00  Probe  
  13  0:12  Probe  
  14  0:18  Pylon  
  14  0:24  Probe (Chrono Boost)  
  15  0:37  Gateway, Probe (Chrono Boost)  
  16  0:44  Probe (Chrono Boost)  
  16  0:47  Assimilator  
  17  0:51  Probe  
  18  1:03  Probe  
  19  1:15  Probe  
  20  1:25  Cybernetics Core  
  20  1:33  Nexus  
  20  1:36  Probe  
  21  1:43  Pylon  
  21  1:51  Probe  
  22  1:55  Assimilator  
  22  1:59  Adept (Chrono Boost)  
  22  2:03  Probe  
  22  2:08  Shield Battery  
  25  2:15  Probe  
  25  2:20  Adept (Chrono Boost)  
  27  2:27  Probe  
  28  2:31  Stargate  
  28  2:42  Stalker, Probe (Chrono Boost)  
  31  2:45  Probe (Chrono Boost)  
  32  2:52  Warp Gate  
  32  2:56  Probe x2 (Chrono Boost)  
  34  3:02  Probe  
  34  3:04  Probe  
  36  3:14  Probe  
  36  3:15  Phoenix (Chrono Boost)  
  36  3:16  Probe  
  40  3:25  Pylon  
  40  3:26  Probe  
  41  3:28  Probe  
  41  3:31  Phoenix (Chrono Boost)  
  44  3:37  Gateway  
  44  3:39  Probe  
  44  3:41  Probe  
  46  3:47  Gateway  
  46  3:51  Probe  
  46  3:53  Probe  
  48  3:57  Robotics Facility  
  48  4:03  Probe  
  48  4:05  Assimilator, Probe  
  48  4:07  Assimilator  
  50  4:11  Pylon  
  50  4:14  Phoenix  
  52  4:17  Probe  
  52  4:19  Probe  
  54  4:24  Pylon  
  54  4:29  Probe  
  55  4:31  Probe  
  56  4:39  Phoenix  
  56  4:41  Probe  
  56  4:43  Probe  
  60  4:49  Observer  
  60  4:50  Nexus  
  61  4:54  Pylon  
  61  4:55  Probe  
  62  5:02  Probe  
  62  5:03  Robotics Bay  
  62  5:05  Sentry  
  65  5:10  Observer  
  65  5:11  Probe  
  65  5:13  Pylon  
  67  5:14  Probe  
  67  5:20  Twilight Council  
  68  5:21  Forge  
  68  5:24  Probe  
  69  5:29  Probe  
  69  5:32  Shield Battery  
  70  5:37  Observer (Chrono Boost)  
  70  5:38  Probe  
  70  5:41  Probe  
  73  5:43  Gateway x2  
  73  5:45  Gateway  
  73  5:50  Probe  
  73  5:54  Colossus (Chrono Boost), Probe  
  81  5:57  Observer  
  81  5:59  Charge  
  81  6:00  Protoss Ground Weapons Level 1 (Chrono Boost)  
  81  6:02  Probe x2  
  83  6:06  Probe  
  84  6:13  Sentry  
  84  6:14  Probe x2  
  84  6:18  Probe  
  89  6:26  Probe  
  89  6:27  Gateway, Probe  
  89  6:28  Gateway  
  89  6:30  Probe  
  92  6:36  Colossus (Chrono Boost)  
  92  6:38  Probe  
  92  6:39  Probe  
  100  6:42  Assimilator, Pylon  
  100  6:43  Assimilator  
  100  6:47  Pylon  
  100  6:49  Pylon  
  100  6:53  Probe  
  101  6:56  Forge  
  101  7:00  Robotics Facility, Zealot  
  101  7:01  Sentry, Pylon  
  105  7:04  Extended Thermal Lance  
  105  7:05  Photon Cannon  
  105  7:08  Shield Battery  
  105  7:12  Pylon  
  105  7:20  Colossus (Chrono Boost)  
  105  7:21  Zealot  
  105  7:22  Zealot  
  115  7:33  Shield Battery  
  115  7:34  Zealot x2, Photon Cannon  
  115  7:36  Photon Cannon  
  117  7:40  Zealot  
  117  7:43  Zealot, Sentry  
  123  7:47  Observer  
  123  7:53  Stalker  
  123  7:54  Stalker x2  
  129  8:00  Photon Cannon  
  129  8:02  Stalker  
  129  8:03  Disruptor (Chrono Boost), Protoss Ground Weapons Level 2 (Chrono Boost), Stalker x2  
  135  8:06  Disruptor (Chrono Boost)  
  135  8:08  Shield Battery  
  141  8:13  Protoss Ground Armor Level 1 (Chrono Boost)  
  141  8:23  Pylon  
  141  8:26  Pylon x2  
  141  8:27  Pylon  
  131  8:35  Probe  
  131  8:37  Zealot x5  
  128  8:42  Blink (Chrono Boost)  
  128  8:45  Disruptor  
  128  8:56  Zealot  
  128  8:57  Zealot x4  
  128  9:00  Disruptor  
  141  9:06  Shield Battery  
  141  9:08  Shield Battery  
  141  9:12  Stalker x2  
  141  9:14  Stalker  
  147  9:20  Zealot x2  
  147  9:24  Zealot x2  
  147  9:29  Probe  
  147  9:30  Zealot  
  144  9:41  Zealot, Stalker  
  144  9:42  Zealot x3, Observer  
  150  9:50  Zealot  
  150  9:51  Zealot x2  
  154  9:54  Observer  
  154  10:05  Nexus  
  152  10:08  Warp Prism, Pylon  
  152  10:13  Templar Archives  
  154  10:18  Disruptor  
  157  10:27  Stalker x2  
  157  10:28  Stalker  
  160  10:41  Stalker x2  
  160  10:42  Stalker x3  
  170  10:43  Disruptor  
  173  10:50  Protoss Ground Armor Level 2, Protoss Ground Weapons Level 3  
  173  10:51  Pylon  
  173  10:58  Pylon  
  173  10:59  Pylon  
  171  11:07  Zealot x2  
  171  11:10  Zealot, Pylon  
  171  11:11  Zealot x3  
  177  11:13  Dark Shrine  
  177  11:29  Zealot x4  
  177  11:31  Disruptor x2  
  165  11:42  Zealot  
  165  11:43  Zealot x3  
  127  11:55  Zealot x3, Stalker  
  127  11:58  Observer  
  135  12:02  Nexus  
  135  12:07  Zealot x2  
  131  12:13  High Templar  
  131  12:14  High Templar  
  127  12:18  Archon  
  127  12:20  High Templar x2  
  127  12:21  High Templar x2  
  135  12:24  Archon  
  135  12:25  Archon  
  135  12:33  Dark Templar x2  
  139  12:50  Nexus, Dark Templar x2  
  143  12:55  High Templar x2  
  147  12:59  Archon  
  147  13:02  Dark Templar  
  133  13:16  Zealot x2  
  133  13:17  Zealot  
  139  13:24  High Templar x2  
  141  13:29  Archon  
  141  13:31  Probe  
  142  13:38  Stalker x5  
  140  13:54  Dark Templar  
  142  14:01  Dark Templar, Observer x2  
  146  14:07  Nexus  
  146  14:09  Sentry  
  148  14:10  Zealot, Sentry  
  148  14:11  Zealot  
  152  14:21  Zealot x2  
  131  14:39  Zealot x4  
  131  14:40  Zealot x2  
  133  14:48  Observer  
  133  14:49  High Templar x2  
  138  14:53  Archon  
  138  14:55  Probe x2  
  138  14:57  Pylon  
  140  15:04  Disruptor  
  140  15:07  Probe x2  
  144  15:09  Disruptor  
  146  15:17  High Templar x2  
  150  15:23  Zealot, Archon  
  150  15:24  Dark Templar  
  154  15:29  Dark Templar  
  154  15:34  Observer  
  154  15:42  Disruptor  
  152  15:59  Zealot  
  152  16:00  Zealot x4  
  152  16:03  Nexus  
  135  16:20  Zealot x7  
  135  16:21  Zealot  
  136  16:32  Disruptor x2, Assimilator  
  135  16:33  Assimilator  
  141  16:40  Dark Templar  
  141  16:42  Dark Templar  
  145  16:48  Probe x2  
  145  16:49  Probe  
  145  16:52  Observer  
  148  16:54  High Templar x2  
  148  16:55  Zealot x2  
  148  16:58  Archon  
  148  17:00  Nexus, Probe  
  153  17:01  Sentry  
  153  17:05  Pylon  
  153  17:06  Observer  
  153  17:08  Zealot  
  157  17:18  Pylon  
  157  17:19  Assimilator  
  157  17:23  Assimilator, Dark Templar x2  
  157  17:24  Zealot x2  
  165  17:33  Disruptor  
  168  17:43  Dark Templar  
  168  17:44  Zealot, Dark Templar  
  172  17:45  Zealot x3  
  180  17:56  Disruptor  
  169  18:03  Zealot x2  
  162  18:09  Disruptor  
  157  18:20  Stalker x5  
  157  18:22  Observer  
  167  18:39  Zealot x2  
  167  18:40  Zealot  
  167  18:41  Disruptor  
  165  18:44  Disruptor, Zealot x2  
  165  18:45  Zealot x3  
  175  18:57  Unknown  
  175  19:01  Dark Templar  
  177  19:07  Zealot, Stalker x3  
  177  19:08  Zealot x3  
  183  19:21  Disruptor  
  186  19:28  Zealot x4  
  186  19:33  Zealot x3  
  172  19:49  Zealot  
  172  19:50  Zealot x4  
  171  19:55  Stalker  
  171  19:56  Stalker x2  
Show
View Real Time Build Order
Export as new Build Order

Seither Terran 

Build Orders: Reaper Expand 

Get SALT Encoding   

  12  0:00  SCV  
  13  0:14  SCV  
  14  0:17  Supply Depot  
  14  0:26  SCV  
  15  0:38  SCV  
  15  0:40  Barracks  
  16  0:45  Refinery  
  16  0:50  SCV  
  17  1:03  SCV  
  18  1:15  SCV  
  19  1:27  Orbital Command, Reaper  
  20  1:46  Command Center  
  20  1:54  SCV  
  20  1:57  Supply Depot  
  20  2:01  Marine  
  21  2:08  SCV  
  23  2:15  Factory  
  23  2:19  Marine  
  23  2:21  SCV  
  25  2:33  SCV  
  26  2:37  Barracks Reactor  
  26  2:45  SCV  
  26  2:50  Command Center  
  27  2:58  Widow Mine, SCV  
  30  3:05  Orbital Command  
  30  3:11  SCV  
  31  3:14  Starport  
  31  3:19  Refinery  
  31  3:21  Marine x2  
  31  3:26  SCV  
  34  3:28  Factory Tech Lab  
  34  3:31  SCV  
  35  3:38  SCV  
  36  3:42  Marine x2  
  36  3:45  Refinery, SCV  
  39  3:50  SCV  
  40  3:57  SCV  
  40  4:02  SCV  
  42  4:05  Orbital Command, Barracks  
  42  4:07  Barracks  
  42  4:10  SCV  
  42  4:11  Raven  
  42  4:14  Factory Tech Lab  
  45  4:17  Marine x2  
  45  4:20  SCV  
  45  4:22  SCV  
  49  4:25  Supply Depot  
  46  4:33  SCV x2  
  46  4:38  Marine x2  
  49  4:39  Cyclone  
  49  4:45  Engineering Bay, SCV  
  54  4:48  Supply Depot  
  53  4:53  SCV x2  
  53  4:55  Refinery  
  53  4:57  SCV  
  56  5:01  Marine x2  
  58  5:09  SCV x2  
  58  5:10  Terran Infantry Weapons Level 1  
  58  5:11  Missile Turret  
  58  5:13  Supply Depot  
  59  5:15  SCV  
  59  5:20  Stimpack  
  59  5:21  Marauder, SCV  
  62  5:23  Barracks Tech Lab, Starport Reactor  
  62  5:28  Marine x2  
  62  5:29  SCV x2  
  62  5:33  Siege Tank, SCV  
  68  5:38  Orbital Command  
  68  5:40  Supply Depot  
  68  5:41  SCV  
  70  5:45  SCV  
  70  5:46  Combat Shield, Marauder x2  
  74  5:53  SCV  
  74  5:54  Supply Depot  
  74  5:56  Marine x2  
  77  5:57  SCV  
  76  6:09  Medivac x2  
  76  6:10  Siege Tank  
  83  6:11  Barracks x2  
  83  6:13  SCV x2  
  83  6:17  Missile Turret  
  85  6:24  SCV  
  85  6:25  SCV x2  
  88  6:27  Supply Depot  
  88  6:28  Marine  
  88  6:29  Marine  
  88  6:31  Marauder  
  88  6:32  Marauder  
  94  6:39  SCV x3  
  96  6:40  Supply Depot  
  96  6:44  Siege Tank  
  99  6:47  Medivac  
  99  6:49  Medivac  
  99  6:50  Supply Depot  
  99  6:53  SCV x3  
  104  6:55  Marine x2  
  106  7:01  Barracks Tech Lab, Barracks Reactor  
  106  7:02  Supply Depot  
  106  7:05  Marauder x2, Concussive Shells  
  106  7:07  SCV x2  
  112  7:09  SCV  
  113  7:17  Marine x2  
  113  7:18  Siege Tank  
  120  7:23  Marauder  
  120  7:25  Viking  
  120  7:26  SCV x3  
  120  7:28  Refinery x2  
  120  7:29  Supply Depot  
  125  7:31  Supply Depot  
  125  7:35  Marauder x2  
  129  7:38  SCV x2  
  129  7:39  SCV  
  132  7:46  Armory  
  132  7:47  Engineering Bay, Marine  
  132  7:50  Marine x2  
  132  7:51  Marauder  
  137  7:58  Marine  
  137  7:59  Marauder x2  
  137  8:04  Viking x2  
  137  8:05  SCV x2  
  148  8:15  Marine  
  149  8:20  Supply Depot  
  149  8:22  Ghost Academy, Supply Depot  
  149  8:26  Marine x2  
  143  8:39  Marauder, Marine x2  
  143  8:40  Marauder x2  
  139  8:44  Command Center  
  134  8:56  Marine  
  134  8:57  Terran Infantry Weapons Level 2, Terran Infantry Armor Level 1  
  134  8:59  Supply Depot  
  134  9:01  Marauder x3  
  141  9:04  Marine x3  
  144  9:11  Medivac x2  
  144  9:14  Marine  
  144  9:15  Supply Depot  
  149  9:17  Supply Depot  
  147  9:28  Marauder x3, Marine x2  
  137  9:47  Siege Tank  
  137  9:48  Barracks, Ghost  
  137  9:49  Marauder, Barracks, Ghost  
  137  9:50  Medivac x2, Barracks  
  143  10:05  SCV x3  
  146  10:08  Marine  
  146  10:10  Ghost  
  146  10:13  Missile Turret  
  148  10:17  Ghost x2  
  148  10:18  Enhanced Shockwaves  
  152  10:22  Marine x2  
  152  10:23  Siege Tank, Marine  
  152  10:26  Marine  
  159  10:35  Marine x2  
  160  10:38  Ghost  
  160  10:39  Viking x2  
  160  10:40  Marine  
  167  10:49  Planetary Fortress  
  167  10:52  Command Center  
  167  10:57  Ghost x2  
  167  10:58  Marine x2  
  171  11:05  Siege Tank  
  171  11:06  Barracks Tech Lab x2, Barracks Reactor  
  172  11:11  Viking  
  172  11:12  Viking  
  165  11:33  Marine x3  
  165  11:34  Marauder x3  
  167  11:43  Marine x2  
  167  11:44  Marauder x2  
  146  11:48  Marine  
  146  11:49  Orbital Command  
  146  11:51  Marine x2  
  146  11:55  Marauder x3, Marine  
  153  12:01  Marine x2  
  153  12:04  Terran Infantry Weapons Level 3  
  153  12:05  Marauder x2  
  153  12:06  Marine  
  155  12:09  Marine x2  
  155  12:10  Medivac x2  
  155  12:13  Marine  
  158  12:16  Marauder  
  158  12:17  Marauder x2  
  158  12:22  Marine x2  
  166  12:23  Marine  
  166  12:26  Siege Tank, Marauder  
  172  12:31  Planetary Fortress  
  172  12:32  SCV x2  
  172  12:33  SCV x2  
  176  12:38  Marine x2  
  176  12:40  Marine x3  
  176  12:42  Refinery  
  181  12:44  SCV x2  
  181  12:45  SCV, Marine x2  
  186  12:55  Sensor Tower  
  186  12:58  Marine x2  
  186  12:59  Marauder x2  
  186  13:03  Marauder, Marine  
  186  13:04  Medivac x2  
  190  13:15  Marauder x2, Marine x2  
  190  13:17  SCV x2  
  190  13:18  Missile Turret  
  197  13:26  Missile Turret  
  196  13:27  Marine x3  
  196  13:28  Marauder  
  197  13:39  Marine x2  
  197  13:40  Marauder x2  
  192  13:42  Marine  
  192  13:43  Marauder  
  192  13:47  Orbital Command  
  182  13:49  Marine x2  
  182  13:50  Marauder x2  
  180  14:08  Marauder, Marine x2  
  180  14:09  Marauder x2  
  188  14:10  Medivac x2  
  188  14:13  Missile Turret  
  192  14:17  Command Center, SCV x3  
  192  14:22  Siege Tank  
  198  14:24  Marine  
  198  14:25  Terran Infantry Armor Level 2, Marine  
  200  14:38  Marauder x2, Marine x2  
  146  14:41  Marine  
  146  14:42  Marauder, Marine  
  139  14:47  Marine x2  
  139  14:50  SCV  
  139  14:51  SCV x2  
  144  14:53  Medivac x2  
  147  15:11  Ghost x3  
  147  15:12  Marine x3  
  147  15:13  SCV x2  
  147  15:14  SCV  
  156  15:25  Marine x3  
  159  15:32  Marine x2  
  159  15:33  Marauder x2  
  164  15:42  Ghost x2  
  157  15:43  Medivac x2  
  157  15:47  Siege Tank, Marauder, Marine  
  171  15:54  Marauder x2, Marine  
  171  15:55  Marine x3  
  179  16:06  Marine x2  
  179  16:08  Marauder  
  176  16:12  Marauder  
  176  16:17  Marauder x2, Marine x2  
  143  16:19  Marauder, Marine x2  
  143  16:24  Marine x2  
  147  16:28  Siege Tank  
  147  16:30  Marauder  
  152  16:32  Marine  
  152  16:34  Marine  
  152  16:35  Refinery, Marine  
  152  16:36  Marine  
  152  16:38  SCV x2  
  152  16:39  SCV x3, Marauder  
  163  16:50  SCV  
  163  16:51  SCV x4  
  168  16:58  Missile Turret  
  168  17:02  Viking  
  168  17:03  Viking, Planetary Fortress  
  168  17:04  Marine x3  
  168  17:05  Marauder x2, Marine x3  
  182  17:12  Terran Infantry Armor Level 3  
  182  17:15  Terran Ship Weapons Level 1  
  182  17:21  Marine x3  
  185  17:27  Marauder  
  187  17:30  Marine x4  
  187  17:31  Marauder  
  193  17:39  Marauder  
  193  17:43  Marine x3  
  198  17:46  Marine  
  198  17:47  Marine  
  166  18:02  Marine x2  
  166  18:03  Marauder x2  
  156  18:10  Marauder x2, Marine x4  
  156  18:11  Marauder  
  151  18:20  Marine x2  
  151  18:22  Siege Tank  
  151  18:23  Medivac x2, Ghost  
  151  18:24  Ghost  
  151  18:26  Orbital Command  
  163  18:27  Marine  
  163  18:28  Marine x3  
  163  18:31  Marine x2  
  163  18:32  Marauder  
  171  18:38  Marine x2  
  171  18:45  Marine  
  172  18:48  Missile Turret  
  172  18:50  Marauder x2  
  172  18:53  Marauder  
  172  18:54  Marauder x2, Marine x3  
  185  18:56  Marine x2  
  185  19:00  Orbital Command, Command Center  
  187  19:03  Marine  
  184  19:11  Marauder x2, Marine  
  184  19:12  Siege Tank, Marine x2  
  184  19:14  Marauder  
  184  19:16  Marauder  
  189  19:30  Marine  
  189  19:31  Marauder, Marine x3  
  173  19:32  Marauder x2  
  173  19:36  Marauder  
  174  19:39  Marine  
  174  19:40  Marauder, Marine  
  174  19:44  Siege Tank  
  157  19:48  Marine x2  
  157  19:49  Marine x2  
  140  19:52  Marauder  
  140  19:54  Marauder x2  
  140  19:57  Marauder, Marine x2  

Tags
 
Add a new tag
Caveats
  • Supply blocks, unpowered buildings, or Contaminate may cause inaccurate times.
  • Supply counts are checked every 10 seconds.